 Dungeon Crawl Stone Soup version 0.26.0-10-g1f06aea511 (webtiles) character file.

Game seed: 10900616632306969108

9 sanka the Sneak (level 2, -2/28 HPs)
             Began as a Naga Delver on Jan 20, 2021.
             Was an Initiate of Ru.
             Slain by an orc (5 damage)
             ... on level 3 of the Dungeon.
             The game lasted 00:01:17 (283 turns).

sanka the Sneak (Naga Delver)                        Turns: 283, Time: 00:01:18

Health: -2/28      AC:  2    Str: 14    XL:     2   Next: 12%
Magic:  2/2        EV:  9    Int: 10    God:    Ru [......]
Gold:   12         SH:  0    Dex: 12    Spells: 1/1 levels left

rFire    . . .     SeeInvis +   a - +0 hand axe
rCold    . . .     Faith    .   (no shield)
rNeg     . . .     Spirit   .   b - +0 leather armour
rPois    +         Reflect  .   (no helmet)
rElec    .         Harm     .   (no cloak)
rCorr    .         Rampage  .   (no gloves)
Will     .....                  (no barding)
Stlth    +++.......             (no amulet)
HPRegen  0.09/turn              (no ring)
MPRegen  0.08/turn              (no ring)

@: very slow
A: large, see invisible, deformed body, poison resistance, slowness 2, spit
poison 1, AC +0
a: Spit Poison, Renounce Religion


You were on level 3 of the Dungeon.
You worshipped Ru.
Ru was noncommittal.
You visited 1 branch of the dungeon, and saw 3 of its levels.

You collected 12 gold pieces.


Innate Abilities, Weirdness & Mutations

You cannot wear boots.
Your serpentine skin is tough. (AC +0)
You have supernaturally acute eyesight. (SInv)
Armour fits poorly on your strangely shaped body.
Your system is resistant to poisons. (rPois)
You cover ground very slowly.
You can spit poison.


   Skills:
 - Level 3.0 Fighting
 - Level 2.0 Axes
 - Level 1.5 Dodging
 + Level 7.9 Stealth


You had one spell level left.
You didn't know any spells.
Your spell library was empty.

Inventory:

Hand Weapons
 a - a +0 hand axe (weapon)
Armour
 b - a +0 leather armour (worn)
Wands
 g - a wand of digging (3)
Scrolls
 c - a scroll of fog
 d - 2 scrolls of magic mapping
 e - a scroll of fear
 i - a scroll of remove curse {unknown}
Potions
 f - a potion of haste {@q3}
 h - a potion of curing {unknown}

Dungeon Overview and Level Annotations

Branches:
Dungeon (5/15)
 Temple: D:4-7

Altars:
Dithmenos
Makhleb
Ru
Trog
Uskayaw

Annotations:
D:5 exclusions: centaur and phantom

(...(▒▒▒▒▒..▒▒▒▒▒.
...(▒▒▒....▒▒ . ...>▒▒▒.▒▒▒▒ ..
.K..▒.....▒▒▒▒ ▒ .o.
....▒....†...▒ .▒▒▒▒▒ ....
.g..▒.....▒▒.▒▒▒▒.▒▒.. .....
▒.▒▒▒▒▒▒▒▒▒▒..▒...▒▒.▒▒▒▒....o.
▒. ▒▒.).▒▒▒▒..o..g..... ▒.
▒▒▒▒▒..NoSg..▒▒▒...... ▒.
▒......▒▒▒.....▒ ▒▒▒▒▒
▒......†.......▒
▒......▒▒▒..▒▒▒▒ ▒▒▒▒▒▒▒▒ ▒.▒▒
▒.▒ ▒▒▒


You could see an adder, 2 orcs and a hobgoblin.


Message History

You kill the orc!
You hit the orc.
The orc is moderately wounded.
The orc barely misses you.
You barely miss the orc.
The orc is moderately wounded.
You have got your breath back.
The orc closely misses you.
You hit the orc.
The orc is severely wounded.
The orc hits you.
* * * LOW HITPOINT WARNING * * *
You closely miss the orc.
The orc is severely wounded.
The orc barely misses you. The orc hits you.
* * * LOW HITPOINT WARNING * * *
You barely miss the orc.
The orc is severely wounded.
The orc hits you.
* * * LOW HITPOINT WARNING * * *
You closely miss the orc.
The orc is severely wounded.
The orc hits you.
* * * LOW HITPOINT WARNING * * *
You completely miss the orc.
The orc is severely wounded.
The orc shouts!
The orc hits you.
You die...

Action                   || total
-------------------------++-------
Melee: Hand axe          ||    21
 Abil: Spit Poison       ||     2
 Stab: Sleeping          ||     1
Armor: Leather armour    ||     2
Dodge: Dodged            ||    12

Levels and vault maps discovered:
D:3:      layout_rooms, overflow_temple_1_default, portal_sewer_entry_c
D:4:      layout_rooms, serial_shops, shop, kennysheep_doodads
D:5:      layout_loops_ring, gammafunk_temple_overflow_claw, basic_altar,
          grunt_dithmenos_smoke_and_mirrors

Notes
Turn   | Place    | Note
-------+----------+-------------------------------------------
     0 | D:5      | sanka the Naga Delver began the quest for the Orb.
     0 | D:5      | Reached XP level 1. HP: 21/21 MP: 1/1
     6 | D:5      | Became a worshipper of Ru the Awakened
    26 | D:5      | Noticed a phantom
    69 | D:5      | Found a shadowy altar of Dithmenos.
    91 | D:5      | Found a hide-covered altar of Uskayaw.
    91 | D:5      | Found a burning altar of Makhleb.
    92 | D:5      | Found a bloodstained altar of Trog.
    92 | D:5      | Noticed a centaur
   250 | D:3      | Reached XP level 2. HP: 13/28 MP: 2/2
   282 | D:3      | HP: 2/28 [orc (3)]
   283 | D:3      | Slain by an orc

Vanquished Creatures
  2 leopard geckos (D:3)
  An orc (D:3)
  A giant cockroach (D:3)
  A bat (D:3)
  A kobold (D:3)
6 creatures vanquished.

Table legend: (Time is in decaauts)
 A = Elapsed time spent in this place.
 B = Non-inter-level travel time spent in this place.
 C = Inter-level travel time spent in this place.
 D = Time resting spent in this place.
 E = Time spent auto-exploring this place.
 F = Levels seen in this place.
 G = Mean time per level.
                   A        B        C        D        E       F      G
               +--------+--------+--------+--------+--------+-----+--------+
         Total |    370 |    316 |     54 |     41 |    158 |   3 |  123.3 |
       Dungeon |    370 |    316 |     54 |     41 |    158 |   3 |  123.3 |
               +--------+--------+--------+--------+--------+-----+--------+

Top non-repeatable levels by time:
     D:5: 174 daAuts
     D:3: 135 daAuts
     D:4: 59 daAuts
